 Dungeon Crawl Stone Soup version 0.20-a0-472-g5c05303 (webtiles) character file.

139 Faca the Shield-Bearer (level 5, -8/43 HPs)
             Began as a Formicid Fighter on Jan 14, 2017.
             Mangled by jujuben's ghost (14 damage)
             ... on level 3 of the Dungeon.
             The game lasted 00:06:46 (2487 turns).

Faca the Shield-Bearer (Formicid Fighter)           Turns: 2487, Time: 00:06:47

Health: -8/43      AC:  9    Str: 25    XL:     5   Next: 46%
Magic:  5/5        EV:  6    Int:  8    God:
Gold:   84         SH: 11    Dex: 11    Spells: 4/4 levels left

rFire  . . .     SeeInvis +     a - +0 war axe
rCold  . . .     Gourm    .     i - +0 chain mail
rNeg   . . .     Faith    .     c - +1 shield
rPois  .         Spirit   .     (helmet unavailable)
rElec  .         Reflect  .     (no cloak)
rCorr  .         Harm     .     (no gloves)
MR     .....                    (no boots)
Stlth  ..........               (no amulet)
                                (no ring)
                                (no ring)

@: mighty
A: permanent stasis, dig shafts and tunnels, four strong arms, antennae 3
a: Dig, Shaft Self


You were on level 3 of the Dungeon.
You were not hungry.

You visited 1 branch of the dungeon, and saw 4 of its levels.

You collected 84 gold pieces.

Inventory:

Hand Weapons
 a - a +0 war axe (weapon)
 e - a cursed -1 whip
Armour
 c - a +1 shield (worn)
 i - a +0 chain mail (worn)
Potions
 b - a potion of haste {unknown}
 g - a potion of brilliance
 j - 2 potions of curing {unknown}
 k - a potion of resistance {unknown}
 l - a potion of berserk rage {unknown}
Comestibles
 f - 2 bread rations
 h - a meat ration


   Skills:
 + Level 4.3 Fighting
 + Level 3.3 Axes
 + Level 4.1 Armour
 + Level 4.4 Shields


You had 4 spell levels left.
You didn't know any spells.

Dungeon Overview and Level Annotations

Branches:
Dungeon (4/15)
 Temple: D:4-7

Altars:
Xom

Annotations:
D:3 jujuben's ghost, amateur OgWr


Innate Abilities, Weirdness & Mutations

You cannot be hasted, slowed, berserked, paralysed or teleported.
You can dig through walls and to a lower floor.
Your four strong arms can wield two-handed weapons with a shield.
You have a pair of large antennae on your head. (SInv)


Message History

Jujuben's ghost is moderately damaged.
Jujuben's ghost gestures wildly while chanting.
Space distorts along a thin shroud covering jujuben's ghost's form.
You block jujuben's ghost's attack.
You closely miss jujuben's ghost.
Jujuben's ghost is moderately damaged.
Jujuben's ghost hits you!!
Ouch! That really hurt!
You closely miss jujuben's ghost.
Jujuben's ghost is moderately damaged.
Jujuben's ghost barely misses you.
You slash jujuben's ghost!
Jujuben's ghost's shroud falls apart!
Jujuben's ghost is heavily damaged.
Jujuben's ghost hits you!
* * * LOW HITPOINT WARNING * * *
Jujuben's ghost hits you but does no damage.
Your shield and chain mail prevent you from hitting jujuben's ghost.
Jujuben's ghost is heavily damaged.
Jujuben's ghost hits you!
You die...

#.#.....#....
##...####[###.###....
......##.....# #.#..
###...#.##.###.###.#.. #.
#.......##...#........ #.
#.......####.#.###.### #.
#.......# #.#.# #.#
#.#####...W#># #.#.###.##
#.........@..####.#......#
##....##...........#####..#
#........#.#?..##.## #..#
#..............##.# #..#
#........###...##.######..#
###...##.# #..............#
#...##.# #.####.#######.#
##.###.# #.# #.# #.#
#.###.###.# #.# #.#


You could see jujuben's ghost.

Vanquished Creatures
  A hound (D:4)
  4 gnolls (D:3)
  3 adders
  A leopard gecko (D:1)
  An orc (D:4)
  8 giant cockroaches (D:2)
  2 goblins
  5 hobgoblins
  5 kobolds
  2 quokkas (D:2)
  6 bats
  4 frilled lizards
  3 rats
45 creatures vanquished.

Notes
Turn   | Place    | Note
-------+----------+-------------------------------------------
     0 | D:1      | Faca the Formicid Fighter began the quest for the Orb.
     0 | D:1      | Reached XP level 1. HP: 18/18 MP: 1/1
   254 | D:1      | Reached XP level 2. HP: 24/24 MP: 2/2
   736 | D:2      | You fall through a shaft for 2 floors!
   748 | D:4      | Reached XP level 3. HP: 17/30 MP: 3/3
   881 | D:4      | Found a shimmering altar of Xom.
   898 | D:3      | Reached XP level 4. HP: 25/37 MP: 4/4
   977 | D:3      | Noticed jujuben's ghost (amateur OgWr)
  2006 | D:3      | Reached XP level 5. HP: 33/42 MP: 5/5
  2487 | D:3      | Mangled by jujuben's ghost

Vault maps used:
D:1:      dpeg_arrival_fog
D:2:      minmay_roachtagon, first_bread
D:3:      fedhas_altar_1, tso_altar
D:4:      minitemple, lemuel_crystal_altar, uniq_edmund

Skill      XL: |  1  2  3  4 |
---------------+-------------+-----
Shields        | 4 |  4.4
Fighting       | 4 |  4.3
Axes           | 3 |  3.3
Armour         | 4 |  4.1

Action                   |  1- 3 |  4- 6 || total
-------------------------+-------+-------++-------
Melee: War axe           |    62 |   140 ||   202
  Use: Scroll            |     3 |     7 ||    10
       Potion            |       |     1 ||     1
  Eat: Meat ration       |       |     1 ||     1
Armor: Scale mail        |    30 |    24 ||    54
       Chain mail        |       |    61 ||    61
Dodge: Dodged            |    16 |    49 ||    65
Block: Shield            |    40 |    88 ||   128
